Map: Tropical Sacrifice

Players

csfalcon

  • Race: Terran Terran
  • Spawn Location: 1:00

Maplez - Winner!

  • Race: Protoss Protoss
  • Spawn Location: 7:00

Event: DreamHack SC2 Masters 2022 Atlanta (Offline)

VOD

Have the link to the VOD?

Description

Time

  • Played on: Nov. 18, 2022, 1:39 p.m.
  • Length: 6:31

All games in this series

Show
View Real Time Build Order
Export as new Build Order

csfalcon Terran 

Build Orders: Reaper Expand, Cyclone Timing 

Get SALT Encoding   

  12  0:00  SCV  
  13  0:12  SCV  
  14  0:17  Supply Depot  
  14  0:24  SCV  
  15  0:39  SCV  
  15  0:41  Barracks  
  16  0:44  Refinery  
  16  0:51  SCV  
  17  1:03  SCV  
  18  1:15  SCV  
  19  1:27  Orbital Command  
  19  1:28  Reaper  
  20  1:51  Command Center  
  20  1:53  SCV  
  21  2:00  Refinery  
  21  2:05  SCV  
  22  2:13  Factory  
  22  2:17  SCV  
  23  2:24  Supply Depot  
  23  2:25  Barracks Reactor  
  23  2:46  SCV  
  24  2:56  Factory Tech Lab  
  24  2:58  SCV  
  25  2:59  Starport  
  25  3:07  Marine  
  25  3:08  Marine  
  25  3:10  SCV  
  29  3:18  Orbital Command  
  29  3:19  Cyclone  
  30  3:24  SCV  
  30  3:25  Marine x2  
  33  3:35  Viking  
  33  3:36  SCV  
  36  3:43  Marine x2  
  36  3:45  SCV  
  39  3:48  Supply Depot, SCV  
  39  3:51  Cyclone  
  42  3:58  SCV  
  43  4:04  SCV  
  43  4:10  Marine x2  
  45  4:17  SCV x2  
  45  4:23  Supply Depot  
  46  4:27  Cyclone, Medivac  
  51  4:33  SCV  
  51  4:35  Supply Depot, Marine  
  51  4:37  Marine  
  54  4:44  Engineering Bay  
  54  4:45  SCV  
  55  4:48  Refinery  
  55  4:52  SCV  
  56  5:07  Barracks  
  56  5:08  Factory Tech Lab  
  56  5:09  Barracks  
  56  5:11  Missile Turret  
  56  5:13  SCV x2, Missile Turret  
  58  5:18  Marine  
  58  5:29  SCV x2  
  55  5:41  SCV  
  51  5:44  SCV  
  51  5:46  Marine  
  51  5:47  Siege Tank  
  52  5:53  SCV  
  52  5:55  Barracks Reactor  
  52  5:56  Starport Reactor  
  50  5:59  SCV  
  50  6:01  Marine x2  
  45  6:07  Marauder  
  46  6:13  Refinery  
  46  6:14  SCV  
  46  6:15  SCV  
  46  6:16  Supply Depot  
Show
View Real Time Build Order
Export as new Build Order

Maplez Protoss - Winner!

Build Orders: 1 Gate Expand, Oracle Opening, Blink Stalkers 

Get SALT Encoding   

  12  0:00  Probe  
  13  0:12  Probe  
  14  0:17  Pylon  
  14  0:24  Probe (Chrono Boost)  
  16  0:37  Probe (Chrono Boost)  
  16  0:38  Gateway  
  16  0:43  Probe (Chrono Boost)  
  16  0:48  Assimilator  
  17  0:51  Probe  
  18  1:03  Probe  
  19  1:15  Probe  
  22  1:25  Cybernetics Core  
  23  1:36  Nexus  
  20  1:44  Pylon  
  20  1:46  Probe  
  21  1:54  Assimilator  
  21  1:58  Probe  
  21  2:00  Adept (Chrono Boost)  
  24  2:11  Probe  
  24  2:17  Stargate  
  24  2:22  Adept (Chrono Boost)  
  24  2:28  Probe  
  27  2:32  Warp Gate  
  27  2:40  Probe  
  28  2:45  Adept  
  28  2:48  Probe  
  31  2:52  Probe  
  32  3:00  Probe  
  32  3:01  Oracle (Chrono Boost)  
  32  3:04  Probe  
  37  3:13  Probe  
  37  3:16  Probe  
  39  3:21  Pylon  
  39  3:25  Probe  
  40  3:28  Twilight Council, Probe  
  41  3:37  Probe  
  41  3:40  Gateway, Probe  
  43  3:49  Probe  
  43  3:52  Gateway, Probe  
  45  3:58  Blink (Chrono Boost)  
  45  4:01  Probe  
  44  4:05  Probe  
  43  4:13  Probe  
  43  4:17  Probe  
  43  4:19  Pylon  
  43  4:22  Stalker  
  45  4:25  Probe  
  45  4:28  Shield Battery  
  45  4:29  Probe  
  47  4:33  Shield Battery  
  47  4:37  Stalker  
  49  4:41  Nexus  
  49  4:46  Probe  
  49  4:47  Shield Battery  
  49  4:48  Probe  
  49  4:52  Stalker  
  53  4:58  Probe, Assimilator  
  54  5:03  Robotics Facility  
  54  5:05  Stalker  
  56  5:11  Stalker  
  57  5:15  Stalker  
  57  5:18  Shield Battery  
  57  5:20  Pylon  
  59  5:30  Probe  
  59  5:35  Stalker  
  62  5:38  Probe  
  62  5:40  Stalker x2  
  64  5:43  Probe  
  65  5:50  Probe  
  65  5:51  Gateway  
  65  5:55  Probe  
  67  6:00  Warp Prism (Chrono Boost)  
  67  6:02  Gateway, Probe  
  68  6:06  Probe  
  68  6:07  Probe  
  70  6:15  Probe  
  70  6:16  Gateway  
  70  6:17  Pylon  
  70  6:18  Probe  
  72  6:29  Stalker x3  
Tags
 
Add a new tag
Caveats
  • Supply blocks, unpowered buildings, or Contaminate may cause inaccurate times.
  • Supply counts are checked every 10 seconds.